 Dungeon Crawl Stone Soup version 0.30-a0-457-g4b7bca3bfa (webtiles) character file.

Game seed: 4507988874004362375

69 pokeman the Magician (level 4, 0/25 HPs)
             Began as a Deep Elf Hedge Wizard on Dec 12, 2022.
             Succumbed to Robin's poison
             ... on level 2 of the Dungeon.
             The game lasted 00:02:44 (1769 turns).

pokeman the Magician (Deep Elf Hedge Wizard)        Turns: 1769, Time: 00:02:45

Health: 0/25       AC:  8    Str:  7    XL:     4   Next: 2%
Magic:  6/13       EV: 12    Int: 21    God:
Gold:   108        SH:  5    Dex: 14    Spells: 2/13 levels left

rFire   . . .      SeeInvis .    a - +0 dagger
rCold   . . .      Faith    .    (no shield)
rNeg    . . .      Spirit   .    g - +0 leather armour
rPois   .          Reflect  +    c - +0 hat
rElec   .          Harm     .    (no cloak)
rCorr   .          Rampage  .    (no gloves)
Will    .....                    i - +0 pair of boots
Stlth   ++........               b - amulet of reflection
HPRegen 0.24/turn                j - +4 ring of protection
MPRegen 0.13/turn                (no ring)

@: lethally poisoned (0 -> -7), on blink cooldown
A: no striking features
a: no special abilities


You were on level 2 of the Dungeon.
You visited 1 branch of the dungeon, and saw 2 of its levels.

You collected 108 gold pieces.

Inventory:

Hand Weapons
 a - a +0 dagger (weapon)
Armour
 c - a +0 hat (worn)
 g - a +0 leather armour (worn)
 i - a +0 pair of boots (worn)
 l - a +0 kite shield
Jewellery
 b - an amulet of reflection (around neck)
 j - a +4 ring of protection (left hand)
Scrolls
 e - a scroll of identify {unknown}
 f - a scroll of amnesia {unknown}
 h - a scroll of noise {unknown}
Potions
 d - a potion of magic
 k - a potion of heal wounds {unknown}


   Skills:
 - Level 1.0 Fighting
 - Level 1.0 Armour
 + Level 2.6 Dodging
 + Level 2.5 Stealth
 * Level 5.4 Spellcasting
 + Level 2.1 Conjurations
 - Level 1.1 Summonings
 - Level 1.1 Translocations


You had 2 spell levels left.
You knew the following spells:

 Your Spells              Type           Power      Damage    Failure   Level
a - Magic Dart            Conj           56%        1d5       6%          1
b - Mephitic Cloud        Conj/Pois/Air  8%         N/A       34%         3
c - Call Imp              Summ           10%        N/A       14%         2
d - Blink                 Tloc           20%        N/A       14%         2
e - Stone Arrow           Conj/Erth      20%        3d8       28%         3

Your spell library contained the following spells:

 Spells                   Type           Power      Damage    Failure   Level
 Apportation              Tloc           20%        N/A       10%         1
 Summon Small Mammal      Summ           40%        N/A       10%         1
 Necrotise                Necr           20%        1d5       16%         1
 Sandblast                Erth           10%        2d5       16%         1
 Slow                     Hex            20%        N/A       16%         1
 Cigotuvi's Dreadful Rot  Necr/Pois/Air  10%        N/A       22%         2
 Passwall                 Tmut/Erth      4%         N/A       22%         2
 Summon Guardian Golem    Hex/Summ       8%         N/A       36%         3
 Orb of Destruction       Conj           7%         9d6       100%        7
 Spellforged Servitor     Conj/Summ      6%         N/A       100%        7


Dungeon Overview and Level Annotations

Branches:
Dungeon (2/15)

Altars:

Annotations:
D:2 Robin


Message History

The hobgoblin hits you. The goblin barely misses you.
Unknown command.
Casting: Magic Dart (safe; 6% risk of failure)
Confirm with . or Enter, or press ? or * to list all spells.
Aiming: Magic Dart (safe; 6% risk of failure)
Press: ? - help, Shift-Dir - straight line, f/p - hobgoblin
Aim: a hobgoblin (severely wounded, strong, 100% to hit)
The magic dart hits the hobgoblin but does no damage.
The hobgoblin is severely wounded.
The goblin barely misses you.
Unknown command.
Casting: Magic Dart (safe; 6% risk of failure)
Confirm with . or Enter, or press ? or * to list all spells.
Aiming: Magic Dart (safe; 6% risk of failure)
Press: ? - help, Shift-Dir - straight line, f/p - hobgoblin
Aim: a hobgoblin (severely wounded, strong, 100% to hit)
The magic dart hits the hobgoblin.
You kill the hobgoblin!
Robin says, "Bow before me, strongest of all the hobgoblins!"
You block the goblin's attack.
Casting: Magic Dart (safe; 6% risk of failure)
Confirm with . or Enter, or press ? or * to list all spells.
Aiming: Magic Dart (safe; 6% risk of failure)
Press: ? - help, Shift-Dir - straight line, f - Robin
Aim: Robin, wielding a +3 mace of venom, wearing a +0 animal skin and wearing a +0 helmet (100% to hit)
The magic dart hits Robin but does no damage.
Robin hits you with a +3 mace of venom!
You are lethally poisoned!
The goblin hits you with a +0 club. The goblin attacks as you move away!
The goblin hits you with a +0 club.
* * * LOW HITPOINT WARNING * * *
You feel very sick. Robin barely misses you.
Casting: Magic Dart (safe; 6% risk of failure)
Confirm with . or Enter, or press ? or * to list all spells.
You blink.
* * * LOW HITPOINT WARNING * * *
You feel very sick.
Unknown command.
You die...

#............# #.......#
#.........##.# #.# ...#
#####.......###.####.###.#
#............##....<.....##
#.###†#...##.##...........#
#.# #.###.......>....####.#
#.# #............##### #.#
#.# #.######.##g.§.÷# #.#
#.# #........@.g###.# #.#
## #.###.######.#### #.#
#.# #. #.#..)..# #.# #.#
#.###. #.#.#.#.####.# #.#
#.w.w. #............#
#.#########. ###.#.#(######
. #.....# #.
#.....#####.... #####.# #.
###.[..<†...... #.# #.
#########.... #.# #.


You could see Robin and a goblin (strong).

Vanquished Creatures
  2 adders (D:2)
  2 worms (D:2)
  A dart slug (D:1)
  5 ball pythons
  3 endoplasms (D:1)
  3 giant cockroaches (D:1)
  9 goblins
  2 hobgoblins (D:2)
  2 jackals (D:1)
  A bat (D:1)
  2 frilled lizards (D:1)
  4 kobolds (D:1)
  6 rats (D:1)
42 creatures vanquished.

Notes
Turn   | Place    | Note
-------+----------+-------------------------------------------
     0 | D:1      | pokeman the Deep Elf Hedge Wizard began the quest for the
                  | Orb.
     0 | D:1      | Reached XP level 1. HP: 10/10 MP: 7/7
   301 | D:1      | Reached XP level 2. HP: 15/15 MP: 2/9
   680 | D:1      | Reached skill level 5 in Spellcasting
   922 | D:1      | Reached XP level 3. HP: 18/20 MP: 3/11
   927 | D:1      | Learned a level 3 spell: Mephitic Cloud
   930 | D:1      | Learned a level 2 spell: Call Imp
   933 | D:1      | Learned a level 2 spell: Blink
  1232 | D:1      | Learned a level 3 spell: Stone Arrow
  1311 | D:2      | Reached skill level 1 in Fighting
  1427 | D:2      | Reached skill level 1 in Armour
  1598 | D:2      | Noticed Robin
  1665 | D:2      | Reached XP level 4. HP: 25/25 MP: 3/13
  1769 | D:2      | Succumbed to Robin's poison

Illustrated notes

Levels and vault maps discovered:
D:1:      denvon_arrival_planthouse, layout_loops_ring
D:2:      layout_loops_ring, chequers_arboretum, chequers_mini_garden,
          uniq_sigmund, uniq_crazy_yiuf_cottage, uniq_robin

Skill      XL: |  1  2  3 |
---------------+----------+-----
Spellcasting   | 5 |  5.4
Fighting       | 1 |  1.0
Armour         | 1 |  1.0
Conjurations   | 2 |  2.1
Dodging        | |  2.6
Stealth        | |  2.5
Summonings     | |  1.1
Translocations | |  1.1

Action                   |  1- 3 |  4- 6 || total
-------------------------+-------+-------++-------
Melee: Dagger            |    16 |       ||    16
 Cast: Magic Dart        |   105 |     6 ||   111
       Blink             |       |     1 ||     1
Armor: Robe              |     3 |       ||     3
       Leather armour    |     8 |     1 ||     9
Dodge: Dodged            |    26 |     5 ||    31
Block: Other             |     7 |     1 ||     8
       Reflection        |     1 |       ||     1

Table legend: (Time is in decaauts)
 A = Elapsed time spent in this place.
 B = Non-inter-level travel time spent in this place.
 C = Inter-level travel time spent in this place.
 D = Time resting spent in this place.
 E = Time spent auto-exploring this place.
 F = Levels seen in this place.
 G = Mean time per level.
                   A        B        C        D        E       F      G
               +--------+--------+--------+--------+--------+-----+--------+
         Total |   1768 |   1745 |     23 |     65 |   1352 |   2 |  884.0 |
       Dungeon |   1768 |   1745 |     23 |     65 |   1352 |   2 |  884.0 |
               +--------+--------+--------+--------+--------+-----+--------+

Top non-repeatable levels by time:
     D:1: 1306 daAuts
     D:2: 462 daAuts
